 Dungeon Crawl Stone Soup version 0.19-a0-1697-g0595f0e (webtiles) character file.

126 vev the Poker (level 5, 0/42 HPs)
             Began as a Merfolk Abyssal Knight on Sept 26, 2016.
             Was a Believer of Lugonu.
             Succumbed to a worker ant's poison
             ... on level 3 of the Dungeon.
             The game lasted 00:05:18 (2088 turns).

vev the Poker (Merfolk Abyssal Knight)              Turns: 2088, Time: 00:05:19

Health: 0/42       AC:  9    Str: 13    XL:     5   Next: 10%
Magic:  7/7        EV: 10    Int: 11    God:    Lugonu [**....]
Gold:   64         SH:  0    Dex: 14    Spells: 0 memorised, 4 levels left

rFire  . . .     SeeInvis .     a - +1 spear
rCold  . . .     Gourm    .     o - +0 scale mail
rNeg   . . .     Faith    .     (no shield)
rPois  .         Spirit   .     (no helmet)
rElec  .         Dismiss  .     (no cloak)
rCorr  .         Reflect  .     g - +1 pair of gloves
MR     .....     Harm     .     (no boots)
Stlth  ..........               (no amulet)
                                (no ring)
                                d - ring of flight

@: lethally poisoned (0 -> -15), drained
A: change form in water, swift swim, stealthy swim
a: Depart the Abyss, Bend Space, Renounce Religion, Evoke Flight


You were on level 3 of the Dungeon.
You worshipped Lugonu.
Lugonu was pleased with you.
You were not hungry.

You visited 1 branch of the dungeon, and saw 3 of its levels.
You visited the Abyss 1 time.

You collected 64 gold pieces.

Inventory:

Hand Weapons
 a - a +1 spear (weapon)
Missiles
 e - 3 tomahawks (quivered)
Armour
 g - a +1 pair of gloves (worn)
 o - a +0 scale mail (worn)
Jewellery
 d - a ring of flight (left hand)
Scrolls
 i - 3 scrolls of identify {unknown}
Potions
 l - a potion of resistance
Comestibles
 b - 2 chunks of flesh
 c - 2 bread rations
 f - 2 meat rations
 p - a beef jerky


   Skills:
 + Level 3.7 Fighting
 + Level 4.6 Polearms
 + Level 1.6 Armour
 + Level 3.9 Dodging
 + Level 2.8(2.7) Invocations


You had 4 spell levels left.
You didn't know any spells.

Dungeon Overview and Level Annotations

Branches:
Dungeon (3/15)

Altars:
Kikubaaqudgha

Annotations:
D:2 Crazy Yiuf


Message History

* * * LOW HITPOINT WARNING * * *
You feel sick. The worker ant closely misses you.
Okay, then.
Okay, then.
As you read the scroll labeled NOLAANIGAGEN, it crumbles to dust.
You assume a fearsome visage.
The worker ant looks frightened!
It was a scroll of fear.
* * * LOW HITPOINT WARNING * * *
You feel sick.
* * * LOW HITPOINT WARNING * * *
You feel sick.
* * * LOW HITPOINT WARNING * * *
You feel sick.
* * * LOW HITPOINT WARNING * * *
You feel sick.
There is an open door here.
As you read the scroll labeled COXZIM HEIRCH, it crumbles to dust.
It is a scroll of recharging.
You aren't carrying any rechargeable items.
You die...

#........
#.....(..
#........
####........
#..+.....a..
#.##........
.######.##.†......
..............###.
######@#####..#
#........# .#
#........# .#
+........+ ..
#######........# .
#..............#
#.......########
#.......#####
#...........#


There were no monsters in sight!

Vanquished Creatures
  A centaur skeleton (D:3)
  4 adders (D:2)
  2 worms (D:2)
  2 dart slugs (D:1)
  A leopard gecko (D:1)
  4 giant cockroaches
  9 goblins
  3 hobgoblins
  3 jackals (D:2)
  2 ball pythons
  7 bats
  A frilled lizard (D:2)
  7 kobolds
  5 rats
51 creatures vanquished.

Notes
Turn   | Place    | Note
-------+----------+-------------------------------------------
     0 | Abyss:1  | vev the Merfolk Abyssal Knight began the quest for the Orb.
     0 | Abyss:1  | Reached XP level 1. HP: 18/18 MP: 2/2
    27 | D:1      | Escaped the Abyss
   191 | D:1      | Reached skill level 1 in Armour
   191 | D:1      | Reached XP level 2. HP: 24/24 MP: 3/3
   748 | D:2      | Found an ancient bone altar of Kikubaaqudgha.
   765 | D:2      | Reached XP level 3. HP: 29/29 MP: 4/4
   825 | D:2      | Reached ** piety under Lugonu
   899 | D:2      | Reached skill level 4 in Polearms
  1054 | D:2      | Reached XP level 4. HP: 35/35 MP: 5/5
  1544 | D:2      | Found a runed door.
  1548 | D:2      | Noticed Crazy Yiuf
  1955 | D:3      | Reached XP level 5. HP: 24/42 MP: 5/7
  2087 | D:3      | HP: 1/42 [poisoned by a worker ant]
  2088 | D:3      | Succumbed to a worker ant's poison

Vault maps used:
D:1:      saegor_arrival_under_anarchy, fountainhead, corexii_corridor_pit
D:2:      kiku_gazebo_pond_becter, first_bread, uniq_crazy_yiuf_cottage
D:3:      minmay_unequal

Skill      XL: |  1  2  3 |
---------------+----------+-----
Armour         | 1 |  1.6
Dodging        | 3 |  3.9
Polearms       | 4 |  4.6
Fighting       | |  3.7
Invocations    | |  2.8

Action                   |  1- 3 |  4- 6 || total
-------------------------+-------+-------++-------
Melee: Spear             |   124 |   109 ||   233
Throw: Tomahawk          |       |     1 ||     1
Invok: Bend Space        |       |     3 ||     3
  Use: Scroll            |       |     3 ||     3
       Potion            |       |     3 ||     3
 Stab: Sleeping          |       |     1 ||     1
  Eat: Chunk             |       |     4 ||     4
Armor: Leather armour    |    31 |     6 ||    37
       Scale mail        |       |    16 ||    16
Dodge: Dodged            |    57 |    36 ||    93
